 Dungeon Crawl Stone Soup version 0.30-a0-591-g3c58d2bc28 (webtiles) character file.

Game seed: 645342681431881046

44 testman the Conjurer (level 3, -6/18 (22) HPs)
             Began as a Tengu Reaver on Jan 5, 2023.
             Mangled by Terence
             ... wielding a +0 flail
              (9 damage)
             ... on level 2 of the Dungeon.
             The game lasted 00:03:34 (1382 turns).

testman the Conjurer (Tengu Reaver)                 Turns: 1382, Time: 00:03:34

HP:   -6/18 (22)    AC:  3    Str: 12    XL:     3   Next: 62%
MP:   4/7           EV: 11    Int: 15    God:
Gold: 27            SH:  0    Dex: 12    Spells: 3/6 levels left

rFire   . . .      SeeInvis .    a - +0 falchion
rCold   . . .      Faith    +    (no shield)
rNeg    . . .      Spirit   .    b - +0 leather armour
rPois   .          Reflect  .    (helmet restricted)
rElec   .          Harm     .    (no cloak)
rCorr   .          Rampage  .    (no gloves)
Will    .....                    (boots unavailable)
Stlth   +                        f - amulet of faith
HPRegen 0.23/turn                (no ring)
MPRegen 0.10/turn                (no ring)

@: immotile, heavily drained
A: beak, talons 3
a: no special abilities


You were on level 2 of the Dungeon.
You visited 1 branch of the dungeon, and saw 2 of its levels.

You collected 27 gold pieces.

Inventory:

Hand Weapons
 a - a +0 falchion (weapon)
Missiles
 e - 3 boomerangs
Armour
 b - a +0 leather armour (worn)
Jewellery
 f - an amulet of faith (around neck)
Wands
 g - a wand of flame (19)
Scrolls
 k - a scroll of noise {unknown}
Potions
 c - 2 potions of heal wounds {unknown}
 d - a potion of cancellation {unknown}
 h - a potion of attraction {unknown}
 i - a potion of mutation {unknown}
 j - a potion of haste {unknown}
 l - a potion of berserk rage {unknown}
 m - a potion of brilliance {unknown}
 n - a potion of curing {unknown}


   Skills:
 + Level 2.7 Fighting
 + Level 3.9 Long Blades
 - Level 2.1 Dodging
 - Level 2.0 Spellcasting
 - Level 4.0 Conjurations
 + Level 1.3 Translocations


You had 3 spell levels left.
You knew the following spells:

 Your Spells              Type           Power      Damage    Failure   Level
a - Kiss of Death         Conj/Necr      28%        2d7       12%         1
b - Momentum Strike       Conj/Tloc      18%        3d8       14%         2

Your spell library contained the following spells:

 Spells                   Type           Power      Damage    Failure   Level
 Hailstorm                Conj/Ice       7%         3d4       36%         3


Dungeon Overview and Level Annotations

Branches:
Dungeon (2/15)

Altars:

Annotations:
D:2 Terence


Innate Abilities, Weirdness & Mutations

You have a beak for a mouth.
You have claws for feet.


Message History

No target in view!
m - a lumpy inky potion
n - a grey potion You now have 27 gold pieces (gained 8).
Found a club.
You open the door.
There is an open door here.
A quokka comes into view.
Terence the Incautious comes into view.
He is wielding a +0 flail and wearing a +4 chain mail of positive energy.
Found a scroll labelled ENAANAIXTO.
Terence shouts!
The quokka bites you but does no damage.
You barely miss the quokka. You claw the quokka.
You kill the quokka!
Terence closely misses you.
You hit Terence but do no damage. Your kick misses Terence.
Terence hits you with a +0 flail!
You hit Terence but do no damage. Terence barely misses you.
You completely miss Terence. Terence hits you with a +0 flail.
Aiming: Momentum Strike (safe; 14% risk of failure)
Press: ? - help, Q - select action, (/) - cycle Dir - move target, f - Terence
Aim: Terence, wielding a +0 flail and wearing a +4 chain mail of positive energy (77% to hit)
The concentrated momentum hits Terence.
Terence is lightly wounded.
You are unable to move.
Terence hits you with a +0 flail!
Casting: Momentum Strike (safe; 14% risk of failure)
Confirm with . or Enter, or press ? or * to list all spells.
Aiming: Kiss of Death (safe; 12% risk of failure)
Press: ? - help, Shift-Dir - straight line, f/p - Terence
Aim: Terence, wielding a +0 flail and wearing a +4 chain mail of positive energy (lightly wounded, 100% to hit)
The negative energy hits Terence.
Terence resists.
Terence is drained!
Terence is severely wounded.
You feel drained. Terence hits you with a +0 flail.
* * * LOW HITPOINT WARNING * * *
You hit Terence but do no damage. Your kick misses Terence.
Terence is severely wounded.
Terence hits you with a +0 flail!
Ouch! That really hurt!
You die...

.............#.#.......#
.............#.#.......#
.............#.........#
.............###.......#
.............# #......##
........###### ####.....
........# .....
........#####...
........@.?.....
.........@......
................
########........
#........ #........
#........ #########


You could see Terence (very drained).

Vanquished Creatures
  A worm (D:2)
  2 dart slugs (D:1)
  3 ball pythons (D:1)
  4 bats (D:1)
  3 endoplasms (D:1)
  6 hobgoblins
  3 jackals (D:1)
  2 quokkas
  3 frilled lizards (D:1)
  3 goblins (D:1)
  2 kobolds (D:1)
  3 rats
35 creatures vanquished.

Notes
Turn   | Place    | Note
-------+----------+-------------------------------------------
     0 | D:1      | testman the Tengu Reaver began the quest for the Orb.
     0 | D:1      | Reached XP level 1. HP: 12/12 MP: 4/4
   105 | D:1      | Reached XP level 2. HP: 14/17 MP: 6/6
   111 | D:1      | Learned a level 2 spell: Momentum Strike
   357 | D:1      | Reached skill level 1 in Translocations
   585 | D:1      | Reached XP level 3. HP: 22/22 MP: 7/7
  1374 | D:2      | Noticed Terence
  1382 | D:2      | Mangled by Terence

Illustrated notes

Levels and vault maps discovered:
D:1:      sevenhm_arrival_forest_fort_small_3, layout_basic
D:2:      layout_basic, uniq_terence

Skill      XL: |  1  2 |
---------------+-------+-----
Translocations | 1 |  1.3
Fighting       | |  2.7
Long Blades    | |  3.9
Dodging        | |  2.1
Spellcasting   | |  2.0
Conjurations   | |  4.0

Action                   || total
-------------------------++-------
Melee: Falchion          ||    94
       Kick              ||    15
       Peck              ||     6
 Cast: Momentum Strike   ||     2
       Kiss of Death     ||     1
Armor: Leather armour    ||    31
Dodge: Dodged            ||    64

Table legend: (Time is in decaauts)
 A = Elapsed time spent in this place.
 B = Non-inter-level travel time spent in this place.
 C = Inter-level travel time spent in this place.
 D = Time resting spent in this place.
 E = Time spent auto-exploring this place.
 F = Levels seen in this place.
 G = Mean time per level.
                   A        B        C        D        E       F      G
               +--------+--------+--------+--------+--------+-----+--------+
         Total |   1392 |   1333 |     59 |      0 |   1102 |   2 |  696.0 |
       Dungeon |   1392 |   1333 |     59 |      0 |   1102 |   2 |  696.0 |
               +--------+--------+--------+--------+--------+-----+--------+

Top non-repeatable levels by time:
     D:1: 1190 daAuts
     D:2: 201 daAuts
